 Dungeon Crawl Stone Soup version 0.20-b1-24-gb21faa7 (webtiles) character file.

1884 Gorglomux the Covered (level 8, -7/73 HPs)
             Began as a Minotaur Fighter on May 25, 2017.
             Was an Initiate of Okawaru.
             Mangled by a hornet (10 damage)
             ... on level 7 of the Dungeon.
             The game lasted 00:02:48 (4908 turns).

Gorglomux the Covered (Minotaur Fighter)            Turns: 4908, Time: 00:02:49

Health: -7/73      AC: 14    Str: 22    XL:     8   Next: 92%
Magic:  16/16      EV:  7    Int:  5    God:    Okawaru [......]
Gold:   342        SH: 10    Dex: 11    Spells: 7/7 levels left

rFire    . . .     SeeInvis .   a - +0 war axe
rCold    . . .     Gourm    .   c - +0 shield
rNeg     + . .     Faith    .   Z - +0 plate armour
rPois    .         Spirit   .   (helmet restricted)
rElec    .         Reflect  .   K - +0 cloak
rCorr    .         Harm     .   (no gloves)
MR       .....                  (no boots)
Stlth    ..........             T - amulet of magic regeneration
Regen    0.3/turn               h - ring of positive energy
MPRegen  0.3/turn               V - ring of magical power

@: lethally poisoned (-7 -> -21), slowed, very slow
A: retaliatory headbutt, horns 2
a: Renounce Religion


You were on level 7 of the Dungeon.
You worshipped Okawaru.
Okawaru was noncommittal.
You were not hungry.

You visited 1 branch of the dungeon, and saw 7 of its levels.
You also visited: Ossuary.

You collected 342 gold pieces.

Inventory:

Hand Weapons
 a - a +0 war axe (weapon)
Armour
 b - a +0 scale mail
 c - a +0 shield (worn)
 K - a +0 cloak (worn)
 Z - a +0 plate armour (worn)
Jewellery
 h - a ring of positive energy (left hand)
 T - an amulet of magic regeneration (around neck)
 U - a +2 ring of intelligence
 V - a ring of magical power (right hand)
Scrolls
 m - 5 scrolls of identify {unknown}
 n - a scroll of enchant armour {unknown}
 o - 3 scrolls of teleportation {unknown}
 s - 3 scrolls of enchant weapon {unknown}
 M - a scroll of random uselessness {unknown}
 N - a scroll of fear {unknown}
 O - a scroll of blinking {unknown}
 P - 3 scrolls of holy word {unknown}
 Y - a scroll of remove curse {unknown}
Potions
 d - a potion of might
 k - a potion of mutation {unknown}
 r - 3 potions of heal wounds {unknown}
 t - 3 potions of haste {unknown}
 L - a potion of berserk rage {unknown}
 Q - 2 potions of curing
 S - a potion of invisibility {unknown}
 W - a potion of lignification {unknown}
 X - 3 potions of brilliance {unknown}
Books
 R - a book of Maledictions

   Spells                             Type                      Level
   a - Corona                         Hexes                        1
   b - Ensorcelled Hibernation        Hexes/Ice                    2
   c - Confuse                        Hexes                        3
   d - Tukima's Dance                 Hexes                        3
   e - Dazzling Spray                 Conjuration/Hexes            3
Comestibles
 f - 4 bread rations
 i - 2 royal jellies
 q - 14 fruits
 z - 2 meat rations
 J - 3 chunks of flesh


   Skills:
 + Level 7.0 Fighting
 + Level 6.8 Axes
 + Level 7.4 Armour
 + Level 5.5 Dodging
 + Level 6.8 Shields


You had 7 spell levels left.
You didn't know any spells.

Dungeon Overview and Level Annotations

Branches:
Dungeon (7/15)
 Temple: D:4-7

Altars:
Gozag
Hepliaklqana
Okawaru
Qazlal
Ru
Uskayaw
Xom


Innate Abilities, Weirdness & Mutations

You reflexively headbutt those who attack you in melee.
You have a pair of horns on your head.


Message History

* * * LOW HITPOINT WARNING * * *
You suddenly lose the ability to move!
The hornet stings you.
* * * LOW HITPOINT WARNING * * *
You shrug off the repeated paralysis!
You feel sick.
The hornet stings you but does no damage.
The hornet stings you!
* * * LOW HITPOINT WARNING * * *
You are more poisoned.
You feel as though you will be slow longer.
You can move again.
Unknown command.
Unknown command.
Unknown command.
You hit the hornet.
You headbutt the hornet, but do no damage.
The hornet is severely wounded.
* * * LOW HITPOINT WARNING * * *
You feel sick. The hornet stings you!
You die...

#.#..............##
>..............#.#
#.#.#####.#.#..#.#
#.#.# #.#.#..### #
#+#####.#.#..#
........#.#..#
........#.#..####
........#.#.....#
).......#.##.#@##
........#.##.#y#
........#.##.#.#
........#.##.#.#
#######.#.##.#.#
#.#.##.#.#
#[#.##.#.#
#.#.##.#.#
#.#.##.#.#


You could see a hornet.

Vanquished Creatures
  Sigmund (D:2)
  Edmund (D:5)
  An ice beast (D:6)
  A sky beast (D:5)
  A hornet zombie (D:5)
  3 centaurs
  An ogre (D:5)
  Blork the orc (D:6)
  4 bullfrogs
  A scorpion (D:5)
  A crimson imp (D:6)
  A bullfrog zombie (D:6)
  4 centaur zombies (Ossuary)
  A hound (D:3)
  Crazy Yiuf (D:6)
  An iguana (D:5)
  A bullfrog skeleton (D:6)
  2 orc wizards (D:6)
  3 worker ants
  A big kobold zombie (Ossuary)
  A hound skeleton (D:5)
  5 mummies (Ossuary)
  Robin (D:2)
  2 adders
  2 oozes (D:1)
  A worm (D:2)
  6 dart slugs
  15 orcs
  2 ball pythons (D:3)
  8 bats
  3 giant cockroaches
  13 goblins
  6 hobgoblins
  7 kobolds
  A quokka (D:3)
  4 frilled lizards
  2 hobgoblin zombies (Ossuary)
  3 rats
113 creatures vanquished.

Notes
Turn   | Place    | Note
-------+----------+-------------------------------------------
     0 | D:1      | Gorglomux the Minotaur Fighter began the quest for the Orb.
     0 | D:1      | Reached XP level 1. HP: 19/19 MP: 0/0
    36 | D:1      | Reached XP level 2. HP: 26/27 MP: 1/1
    81 | D:1      | Reached skill level 1 in Dodging
   278 | D:1      | Reached XP level 3. HP: 33/33 MP: 2/2
   751 | D:2      | Noticed Robin
   756 | D:2      | Reached skill level 3 in Axes
   764 | D:2      | Killed Robin
   764 | D:2      | Reached XP level 4. HP: 33/40 MP: 3/3
   916 | D:2      | Found a stormy altar of Qazlal.
  1022 | D:2      | Found an opulent altar of Gozag.
  1051 | D:2      | Found a hide-covered altar of Uskayaw.
  1057 | D:2      | Noticed Sigmund
  1070 | D:2      | Killed Sigmund
  1070 | D:2      | Reached XP level 5. HP: 35/47 MP: 4/4
  1520 | D:3      | Noticed a centaur
  1532 | D:3      | Killed a centaur
  1532 | D:3      | Reached skill level 3 in Dodging
  1532 | D:3      | Reached XP level 6. HP: 5/53 MP: 5/5
  1867 | D:3      | Found a hazy altar of Hepliaklqana.
  2788 | D:5      | Entered Level 5 of the Dungeon
  2814 | D:5      | Reached XP level 7. HP: 54/61 MP: 6/6
  3184 | D:5      | Noticed Edmund
  3192 | D:5      | Killed Edmund
  3192 | D:5      | Reached skill level 6 in Armour
  3313 | D:5      | Reached skill level 6 in Fighting
  3313 | D:5      | Reached XP level 8. HP: 70/70 MP: 7/7
  3618 | D:6      | Found a runed door.
  3656 | D:6      | Found a sand-covered staircase.
  3664 | D:6      | Reached skill level 6 in Shields
  3720 | Ossuary  | Entered an ossuary
  3764 | Ossuary  | Reached skill level 6 in Axes
  3887 | D:6      | Found an iron altar of Okawaru.
  4066 | D:6      | Found a sacrificial altar of Ru.
  4125 | D:6      | Became a worshipper of Warmaster Okawaru
  4175 | D:6      | Noticed Blork the orc
  4187 | D:6      | Killed Blork the orc
  4396 | D:6      | Found a shimmering altar of Xom.
  4744 | D:6      | Noticed Crazy Yiuf
  4748 | D:6      | Killed Crazy Yiuf
  4895 | D:7      | Noticed a hornet
  4897 | D:7      | Paralysed by a hornet for 3 turns
  4906 | D:7      | Paralysed by a hornet for 2 turns
  4908 | D:7      | HP: 3/73 [poisoned by a hornet]
  4908 | D:7      | Mangled by a hornet

Skill      XL: |  1  2  3  4  5  6  7  8 |
---------------+-------------------------+-----
Dodging        | 1 2 3 4 5 |  5.5
Armour         | 4 5 6 7 |  7.4
Axes           | 3 4 5 6 |  6.8
Fighting       | 4 5 6 7 |  7.0
Shields        | 4 5 6 |  6.8

Action                   |  1- 3 |  4- 6 |  7- 9 || total
-------------------------+-------+-------+-------++-------
Melee: War axe           |    53 |    89 |   193 ||   335
       Headbutt          |     5 |    12 |    40 ||    57
  Use: Potion            |       |     1 |       ||     1
  Eat: Chunk             |       |     6 |     7 ||    13
Armor: Scale mail        |    31 |    44 |       ||    75
       Plate armour      |       |     1 |   104 ||   105
Dodge: Dodged            |    21 |    41 |    37 ||    99
Block: Shield            |    28 |    50 |    87 ||   165
